 Dungeon Crawl Stone Soup version 0.21.0-3-g78d12a8bdd (webtiles) character file.

282 ternson the Sneak (level 6, -2/46 HPs)
             Began as a Vampire Assassin on Jan 12, 2018.
             Was an Initiate of Nemelex Xobeh.
             Slain by an ice beast (12 damage)
             ... on level 3 of the Dungeon.
             The game lasted 00:54:23 (3193 turns).

ternson the Sneak (Vampire Assassin)                Turns: 3193, Time: 00:54:24

Health: -2/46      AC:  4    Str: 10    XL:     6   Next: 6%
Magic:  6/6        EV: 12    Int: 13    God:    Nemelex Xobeh [......]
Gold:   114        SH:  0    Dex: 18    Spells: 5/5 levels left

rFire    . . .     SeeInvis +   b - +0 blowgun
rCold    . . .     Gourm    .   (no shield)
rNeg     + . .     Faith    .   c - +0 robe
rPois    .         Spirit   .   (no helmet)
rElec    .         Reflect  .   d - +0 cloak
rCorr    .         Harm     .   n - +0 pair of gloves
MR       .....                  (no boots)
Stlth    ++++......             (no amulet)
HPRegen  0.15/turn              F - ring of wizardry
MPRegen  0.10/turn              (no ring)

@: no status effects
A: fangs 3, see invisible, unbreathing
a: Bat Form, Renounce Religion


You were on level 3 of the Dungeon.
You worshipped Nemelex Xobeh.
Nemelex Xobeh was noncommittal.
You were not thirsty.

You visited 1 branch of the dungeon, and saw 3 of its levels.

You collected 114 gold pieces.

Inventory:

Hand Weapons
 a - a +2 dagger
 b - a +0 blowgun (weapon)
 f - a +0 trident
 m - a +0 spear
 o - a +0 club
 p - a +0 dagger
 q - a cursed -3 club
 r - a +0 club
 s - a +0 club
 t - a +0 short sword
 u - a -1 short sword
 w - a +0 hand axe
 x - a +0 club
 y - a +0 club
 z - a +0 spear
 B - a +0 hunting sling
 D - a +0 club
 G - a cursed -2 club
 H - a +0 spear
 J - a +0 flail
 M - a +1 hand axe of chopping
 Q - a +0 short sword
 U - a +0 scythe
Missiles
 i - 26 arrows
 E - 42 sling bullets
 R - 6 poisoned needles (quivered)
Armour
 c - a +0 robe (worn)
 d - a +0 cloak (worn)
 l - a +0 ring mail
 n - a +0 pair of gloves (worn)
 C - a +0 ring mail
 P - a cursed +0 ring mail
 S - a +0 chain mail
 V - a cursed +0 robe
 Z - a +0 leather armour
Jewellery
 F - a ring of wizardry (left hand)
 X - an uncursed amulet of harm {unknown}
 Y - a cursed -3 ring of dexterity {unknown}
Scrolls
 e - a scroll of teleportation {unknown}
 j - 3 scrolls of identify
 k - 2 scrolls of noise {unknown}
 v - 3 scrolls of remove curse
 A - a scroll of blinking {unknown}
 I - 3 scrolls of fog {unknown}
 W - a scroll of enchant weapon {unknown}
Potions
 g - 18 potions of blood
 K - a potion of degeneration {unknown}
 L - 2 potions of curing {unknown}
 N - a potion of mutation {unknown}
 T - a potion of cancellation {unknown}
Miscellaneous
 O - a plain deck of destruction {drawn: 2}
Comestibles
 h - 7 rations


   Skills:
 + Level 2.8 Fighting
 + Level 2.8 Short Blades
 + Level 2.7(3.3) Slings
 + Level 2.8(3.3) Throwing
 + Level 1.7 Dodging
 + Level 6.8 Stealth


You had 5 spell levels left.
You didn't know any spells.

Dungeon Overview and Level Annotations

Branches:
Dungeon (3/15)

Altars:
Nemelex Xobeh


Innate Abilities, Weirdness & Mutations

You have razor-sharp teeth.
You have supernaturally acute eyesight. (SInv)
You can survive without breathing.


Message History

You draw a card...
It is Wild Magic.
The ice beast shivers with cold.
You feel a surge of magic. The ice beast hits you. The ice beast freezes you!
* * * LOW HITPOINT WARNING * * *
The ice beast looks more healthy.
Firing (i - inventory): No suitable missiles.
Press: ? - help, Shift-Dir - straight line, f/p - ice beast
Aim: an ice beast (severely wounded)
Okay, then.
Firing (i - inventory): No suitable missiles.
Press: ? - help, Shift-Dir - straight line, f/p - ice beast
Aim: an ice beast (severely wounded)
Okay, then.
You see here 6 poisoned needles.
You see here 6 poisoned needles.
R - 6 poisoned needles The ice beast hits you.
* * * LOW HITPOINT WARNING * * *
The ice beast freezes you!
You die...
Your body disappears without a glow.

#.#.##.# #.#.##.#
#......# #.#.##.#
#......# ♣## #.#.##.#
≈≈# #.#.##.# ≈≈#
#......#####
≈≈#######.....(Y@#
≈≈♣........#####((..#
≈≈≈≈..####.#
#..#((... ≈P.♣..# #.#
..## ....
.≈....####.# #.. .#.
............ ... #
..≈P≈♣.###.. ....
≈≈≈♣≈≈.# ##.. .#..
≈≈♣≈##.# .#


You could see an ice beast.

Vanquished Creatures
  Sigmund (D:3)
  7 adders
  An ooze (D:1)
  A worm (D:2)
  A dart slug (D:2)
  2 leopard geckos (D:1)
  6 giant cockroaches
  8 hobgoblins
  2 jackals (D:2)
  2 quokkas (D:2)
  10 bats
  10 frilled lizards
  A jackal zombie (D:2)
  9 kobolds
  7 rats
68 creatures vanquished.

Notes
Turn   | Place    | Note
-------+----------+-------------------------------------------
     0 | D:1      | ternson the Vampire Assassin began the quest for the Orb.
     0 | D:1      | Reached XP level 1. HP: 16/16 MP: 1/1
    63 | D:1      | Reached skill level 6 in Stealth
   281 | D:1      | Reached XP level 2. HP: 22/22 MP: 2/2
   819 | D:1      | Reached XP level 3. HP: 9/27 MP: 3/3
  2078 | D:2      | Reached XP level 4. HP: 18/33 MP: 4/4
  2409 | D:2      | Reached skill level 1 in Slings
  2417 | D:2      | Found a sparkling altar of Nemelex Xobeh.
  2427 | D:2      | Became a worshipper of Nemelex Xobeh the Trickster
  2451 | D:2      | Received a gift from Nemelex Xobeh
  2984 | D:3      | Noticed Sigmund
  2989 | D:3      | Killed Sigmund
  2989 | D:3      | Reached XP level 5. HP: 40/40 MP: 5/5
  2989 | D:3      | Reached XP level 6. HP: 46/46 MP: 6/6
  3150 | D:3      | Noticed an ice beast
  3193 | D:3      | Slain by an ice beast

Skill      XL: |  1  2  3  4 |
---------------+-------------+-----
Stealth        | 6 |  6.8
Throwing       | 2 |  2.8
Fighting       | 2 |  2.8
Slings         | 2 |  2.7
Short Blades   | |  2.8
Dodging        | |  1.7

Action                   |  1- 3 |  4- 6 || total
-------------------------+-------+-------++-------
Melee: Dagger            |    45 |       ||    45
       Short sword       |    60 |       ||    60
       Bite              |    10 |       ||    10
 Fire: Blowgun           |    37 |    42 ||    79
       Hunting sling     |    64 |    41 ||   105
Evoke: Deck              |       |     2 ||     2
  Use: Potion            |     4 |     3 ||     7
       Scroll            |     2 |       ||     2
Armor: Robe              |    53 |     6 ||    59
Dodge: Dodged            |   126 |    25 ||   151
